Jorja, neutral female human Valkyrie ----------------------------------------------------- |)).....^...........`...............................| |.----------|--.---...----------------------------..| |.|----- |.|--- |...|..........................|..| |.||...| ---.|.|---...|...........[.<.).......*.....| .. |.||...--|.....|....---.......)......*...........|..|. .. |.||.....|-%-..|....|...........(................|..|.. # |.|----..|..|..---..------------------------------..|-. # |.| |..|..|...(|....*.[........%..).....%%)).))%))|... # |.| |..|..|-----..------------------------------..|.... # |.-----..---|.......|----------------------- |..|..... # |...........|----.--|......................| |.[|....... # ------------|...|.| --------------------.|.-------..|.(...|.. # -------------.@.|.|---------------------.|..........|.....|.... # |.....%.......&.|.-...^.........*........|-------------..-----... # |.---------------.|---------------------.|......................... # |.................| |.....................|........ ------------------- -------------------------------- Jorja the Fighter Experience level: 8 Strength: 17 Dexterity: 14 Constitution: 18 Intelligence: 10 Wisdom: 8 Charisma: 9 Health: 0(73) Energy: 19(19) Def: 7 Gold: 0 Moves: 3099 Dungeon seed: hPhBow6edzn5ZlcU Game ID: Jorja_1528295610 Your Inventory: Weapons a - a blessed corroded +3 spear (weapon in hand) m - 2 blessed +2 daggers named +2 S - 5 uncursed +0 dwarvish spears (in quiver) Armor e - an uncursed +2 small shield (being worn) u - an uncursed +0 pair of speed boots (being worn) N - an uncursed +1 dwarvish iron helm (being worn) Comestibles d - 2 uncursed food rations x - an uncursed apple z - an uncursed melon Potions R - 5 uncursed potions of water V - a blessed diluted potion of booze Wands c - an uncursed wand of cold (0:4) h - an uncursed wand of teleportation (0:5) w - an uncursed wand of cold (0:7) K - an uncursed wand of striking (0:5) O - an uncursed wand of striking (0:0) Tools k - an uncursed partly used tallow candle (0:199) l - an uncursed lock pick y - a blessed tallow candle (0:200) P - a cursed magic lamp (lit) Gems Y - an uncursed luckstone Spells and supernatural/magical abilities: Name Level Category Fail Memory W - pray for help -- divine ? -- Your skills at the end: Miscellaneous Skills shield [Basic] wands [Basic] Weapon Skills dagger [Basic] spear [Basic] Spellcasting Skills Final Attributes: You were devoutly aligned. You were cold resistant. Your writing hand was ok. You were telepathic. You were very stealthy. You could fly. You were a werejackal. You were very fast. You were lucky. You had extra luck. Bad luck did not time out for you. Good luck did not time out for you. You are dead. Vanquished creatures: a flaming sphere a giant beetle 2 wolves a winter wolf cub 3 gnome kings 2 dwarf lords an ape 4 human zombies a yellow light an orc shaman a shrieker 12 gnome lords 4 gnomish wizards a kobold mummy a floating eye 2 kittens 15 dwarves a homunculus an iguana 3 hill orcs 2 rothes 3 orc zombies a dwarf zombie a wererat a werejackal 2 gas spores 9 hobbits an acid blob a large kobold a gecko 2 hobgoblins a giant rat 5 cave spiders 3 yellow molds 50 gnomes 3 jackals 2 foxes 5 newts a sewer rat 3 grid bugs 3 lichens 158 creatures vanquished. Voluntary challenges: You did not adorn yourself with jewelry or accessories. You did not cause conflict. You were not invisible. You did not have reflection. You were not displaced. You used a wielded weapon 233 times, starting on turn 4. You did not apply a unicorn horn. You did not use sinks. You did not drink any magical draughts. You were illiterate. You never genocided any monsters. You never polymorphed an object. You changed form 1 time, starting on turn 2557. You used no wishes. You never split a pudding. You never wrote Elbereth's name. You violated your moral code, losing 1 point of alignment, starting on turn 2616. Dungeon overview: The Dungeons of Doom: levels 1 to 3 Level 1 a fountain a long staircase Level 2 a fountain stairs to The Gnomish Mines Level 3 The Gnomish Mines: levels 3 to 10 Level 3 stairs to The Dungeons of Doom Level 4 Level 5 Level 6 some shops, a temple to Tyr, a magic chest, some fountains Level 7 Level 8 Level 9 Level 10 <- You were here a magic chest, a fountain History has recorded: On T:1 you entered the Dungeons of Doom to retrieve the Amulet of Yendor! On T:131 you reached level 2 of The Dungeons of Doom. On T:169 you reached level 3 of The Dungeons of Doom. On T:253 you advanced to experience level 2. On T:303 you reached level 1 of The Gnomish Mines. On T:414 you advanced to experience level 3. On T:447 you advanced to experience level 4. On T:665 you reached level 2 of The Gnomish Mines. On T:691 you advanced to experience level 5. On T:973 you reached level 3 of The Gnomish Mines. On T:1120 you advanced to experience level 6. On T:1374 you reached level 4 of The Gnomish Mines. On T:1718 you entered the Minetown temple On T:1732 you opened a magic chest. On T:2051 you reached level 5 of The Gnomish Mines. On T:2141 you reached level 6 of The Gnomish Mines. On T:2145 you advanced to experience level 7. On T:2303 you reached level 7 of The Gnomish Mines. On T:2524 you reached level 8 of The Gnomish Mines. On T:2524 you reached the bottom of the Mines. On T:2618 you advanced to experience level 8. Score breakdown: Gold: 0 ( 0 points) Experience: 8 levels ( 700 points) Exploration: 10 levels ( 270 points) Discoveries: 18 items ( 900 points) Variety of kills: 41 monsters ( 2000 points) Major goal: reached Mine's End ( 1000 points) Survival: died (score multiplied by 3) Total score: 14610 Latest messages: That is a silly thing to dip the potions called boooooze into. That is a silly thing to dip the potions called boooooze into. You unleash a water demon! To break wands, use the 'invoke' command (typically on 'V'). You jab the water demon! The water demon zaps a short wand! The magic missile hits you! The magic missile bounces! The magic missile hits you! You die... Final status: Farvel Jorja the Valkyrie, killed by a magic missile... You died in The Gnomish Mines on dungeon level 10 with 14610 points, and 0 pieces of gold, after 3099 moves. You were level 8 with a maximum of 73 hit points when you died.